 Dungeon Crawl Stone Soup version 0.29-a0-732-g3d7fbe0af2 (webtiles) character file.

Game seed: 6373021600844614591

9 zeratav the Sneak (level 2, -1/15 HPs)
             Began as a Vine Stalker Brigand on June 29, 2022.
             Slain by a jackal (2 damage)
             ... on level 1 of the Dungeon.
             The game lasted 00:00:15 (81 turns).

zeratav the Sneak (Vine Stalker Brigand)              Turns: 81, Time: 00:00:16

Health: -1/15      AC:  3    Str: 13    XL:     2   Next: 16%
Magic:  0/3        EV: 11    Int: 11    God:
Gold:   8          SH:  0    Dex: 15    Spells: 1/1 levels left

rFire   . . .      SeeInvis .   a - +2 dagger {short}
rCold   . . .      Faith    .   (no shield)
rNeg    . . .      Spirit   +   b - +0 robe
rPois   .          Reflect  .   (no helmet)
rElec   .          Harm     .   c - +0 cloak
rCorr   .          Rampage  .   (no gloves)
Will    .....                   (no boots)
Stlth   +++.......              (no amulet)
HPRegen 0.05/turn               (no ring)
MPRegen 0.08/turn               (no ring)

@: no status effects
A: fangs 2, magic shield, antimagic bite, no potion heal 2
a: no special abilities


You were on level 1 of the Dungeon.
You visited 1 branch of the dungeon, and saw 1 of its levels.

You collected 8 gold pieces.


Innate Abilities, Weirdness & Mutations

You have extremely sharp teeth.
When hurt, damage is shared between your health and your magic reserves.
Your bite disrupts and absorbs the magic of your enemies.
Potions cannot restore your health.


   Skills:
 + Level 2.2 Fighting
 + Level 2.2 Short Blades
 - Level 1.7 Throwing
 - Level 0.7 Dodging
 - Level 4.8 Stealth


You had one spell level left.
You didn't know any spells.
Your spell library contained the following spells:

 Spells                   Type           Power      Damage    Failure   Level
 Dazzling Flash           Conj/Hex       0%         N/A       71%         3
 Iskenderun's Mystic Bla  Conj/Tloc      0%         2d3       98%         4
 Starburst                Conj/Fire      0%         6d3       100%        6

Inventory:

Hand Weapons
 a - a +2 dagger (weapon) {short}
Missiles
 d - 9 poisoned darts (quivered) {throwing}
 e - 3 curare-tipped darts {=fthrowing}
Armour
 b - a +0 robe (worn)
 c - a +0 cloak (worn)
 f - a +0 pair of gloves
   (You found it on level 1 of the Dungeon)
Potions
 g - 2 potions of curing {unknown}

Dungeon Overview and Level Annotations

Branches:
Dungeon (1/15) Zot: 5919

Altars:

##..#.# ...#.# #. #..#.# #.
#..#.# #..#..#.#######. ####
#..#............ #..###
#.........#####.##
.<...###..#..#.#........#
......##.....#.#@#####..#
#.|#..##.....#.#h# ..#
####..##.......#h#####..#####
......##.......#hr...........
.....###.......###rh.........
###### ##.....## #h..........
###### #.....# #...†.......
.....####.....# #...........
......##......# #.".........


You could see 3 jackals and a rat.


Message History

You hit the dart slug. You hit the dart slug.
The dart slug launches a dart at you. The slug dart hits you.
The jackal stops to sniff the ground.
HP[-1]
You take 1 damage, and now have 10/11 hp.
You completely miss the dart slug. The jackal bites you.
The jackal bites you but does no damage.
The dart slug bites you.
HP[-2] MP[-1]
You take 2 damage, and now have 8/11 hp.
You lost 1 mp, and now have 1/2 mp.
You hit the dart slug but do no damage. You bite the dart slug.
You drain its power.
You feel invigorated. The jackal completely misses you.
The jackal bites you but does no damage.
MP[+1]
Your mp is fully restored (2).
You hit the dart slug.
You kill the dart slug!
The jackal misses you. x2; The rat bites you.
The jackal bites you but does no damage.
The jackal bites you.
* * * LOW HITPOINT WARNING * * *
The jackal barely misses you.
Your Fighting skill increases to level 2!
Your Short Blades skill increases to level 2!
You are too injured to fight recklessly!
You are too injured to fight recklessly!
You are too injured to fight recklessly!
HP[-4] MP[-1]
You take 4 damage, and now have 4/11 hp.
MASSIVE DAMAGE!! (PAUSE)
You lost 1 mp, and now have 1/2 mp.
You are too injured to fight recklessly!
You are too injured to fight recklessly!
You are too injured to fight recklessly!
You are too injured to fight recklessly!
You are too injured to fight recklessly!
You are too injured to fight recklessly!
You are too injured to fight recklessly!
You are too injured to fight recklessly!
You are too injured to fight recklessly!
You are too injured to fight recklessly!
You are too injured to fight recklessly!
You are too injured to fight recklessly!
The rat attacks as you move away! The rat bites you.
* * * LOW HITPOINT WARNING * * *
HP[-1]
You take 1 damage, and now have 3/11 hp.
The jackal attacks as you move away!
The jackal bites you but does no damage.
The jackal attacks as you move away! The jackal closely misses you.
The rat barely misses you. The jackal attacks as you move away!
The jackal barely misses you.
HP[+1]
The jackal attacks as you move away! The jackal bites you.
* * * LOW HITPOINT WARNING * * *
HP[-1]
You take 1 damage, and now have 3/11 hp.
The jackal attacks as you move away!
The jackal bites you but does no damage.
The jackal attacks as you move away! The jackal closely misses you.
The jackal bites you but does no damage.
You closely miss the jackal. The jackal bites you.
* * * LOW HITPOINT WARNING * * *
The jackal bites you but does no damage.
HP[-1]
You take 1 damage, and now have 2/11 hp.
You barely miss the jackal.
The jackal bites you but does no damage.
You hit the jackal.
You kill the jackal!
You have reached level 2!
HP[+1]
You now have 15 max hp (+4).
You barely miss the jackal. The jackal closely misses you.
You hit the jackal. The jackal bites you. The jackal barely misses you.
MP[-1]
You lost 1 mp, and now have 0/3 mp.
You hit the jackal. You bite the jackal. You drain its power.
You feel invigorated. The jackal barely misses you.
MP[+2]
You regained 2 mp, and now have 2/3 mp.
You barely miss the jackal. The jackal closely misses you.
MP[+1]
Your mp is fully restored (3).
You closely miss the jackal. You bite the jackal.
You kill the jackal!
You hit the jackal. Your bite misses the jackal. The jackal bites you.
* * * LOW HITPOINT WARNING * * *
The jackal bites you.
* * * LOW HITPOINT WARNING * * *
HP[-2] MP[-2]
You take 2 damage, and now have 1/15 hp.
You lost 2 mp, and now have 1/3 mp.
You hit the jackal.
You kill the jackal!
You hit the jackal. The jackal bites you.
You die...

Skill      XL: |  1 |
---------------+----+-----
Fighting       | 2 |  2.2
Short Blades   | 2 |  2.2
Throwing       | |  1.7
Dodging        | |  0.7
Stealth        | |  4.8

Action                   || total
-------------------------++-------
Melee: Dagger            ||    19
       Bite              ||     3
 Stab: Sleeping          ||     3
Armor: Robe              ||     8
Dodge: Dodged            ||    13

Levels and vault maps discovered:
D:1:      minmay_arrival_wavy_path, layout_basic

Notes
Turn   | Place    | Note
-------+----------+-------------------------------------------
     0 | D:1      | zeratav the Vine Stalker Brigand began the quest for the
                  | Orb.
     0 | D:1      | Reached XP level 1. HP: 11/11 MP: 2/2
     0 | D:1      | magus.rc [v1.9.6]
     7 | D:1      | You pick up a book of Spectacle and begin reading...
     7 | D:1      | You add the spells Dazzling Flash, Iskenderun's Mystic
                  | Blast and Starburst to your library.
    64 | D:1      | Reached skill level 2 in Fighting
    64 | D:1      | Reached skill level 2 in Short Blades
    71 | D:1      | HP: 2/11 [jackal (1)]
    74 | D:1      | Reached XP level 2. HP: 3/15 MP: 1/3
    79 | D:1      | HP: 2/15 [jackal (1)]
    81 | D:1      | Slain by a jackal

Vanquished Creatures
  A dart slug (D:1)
  4 jackals (D:1)
  A bat (D:1)
  A rat (D:1)
7 creatures vanquished.

Table legend:
 A = Non-vault XP
 B = Vault XP
 C = Vault XP percentage of total XP
 D = Non-vault monster count
 E = Vault monster count
 F = Vault count percentage of total count
                 A         B        C        D         E       F
            +---------+---------+-------+---------+---------+-------
      Total |      14 |       0 |   0.0 |       7 |       0 |   0.0
            +---------+---------+-------+---------+---------+-------
        D:1 |      14 |       0 |   0.0 |       7 |       0 |   0.0
            +---------+---------+-------+---------+---------+-------

Illustrated notes

Table legend:
 A = Kills in this place as a percentage of kills in entire the game.
 B = Kills by you in this place as a percentage of kills by you in the entire game.
 C = Kills by friends in this place as a percentage of kills by friends in the entire game.
 D = Other kills in this place as a percentage of other kills in the entire game.
 E = Experience gained in this place as a percentage of experience gained in the entire game.
 F = Experience gained in this place divided by the number of levels of this place that you have seen.
                   A       B       C       D       E      F
               +-------+-------+-------+-------+-------+----------------------
         Total | 100.0 | 100.0 |   N/A |   N/A | 100.0 |  14.0
       Dungeon | 100.0 | 100.0 |   N/A |   N/A | 100.0 |  14.0
               +-------+-------+-------+-------+-------+----------------------

Table legend: (Time is in decaauts)
 A = Elapsed time spent in this place.
 B = Non-inter-level travel time spent in this place.
 C = Inter-level travel time spent in this place.
 D = Time resting spent in this place.
 E = Time spent auto-exploring this place.
 F = Levels seen in this place.
 G = Mean time per level.
                   A        B        C        D        E       F      G
               +--------+--------+--------+--------+--------+-----+--------+
         Total |     79 |     79 |      0 |      0 |     43 |   1 |   79.0 |
       Dungeon |     79 |     79 |      0 |      0 |     43 |   1 |   79.0 |
               +--------+--------+--------+--------+--------+-----+--------+

Top non-repeatable levels by time:
     D:1: 79 daAuts
